 Dungeon Crawl Stone Soup version 0.29-a0-1027-gcd8c55af63 (webtiles) character file.

Game seed: 4213530732881140135

678 wingedge the Caller (level 7, -11/54 HPs)
             Began as a Human Wanderer on Aug 13, 2022.
             Killed by an exploding themself (33 damage)
             ... ignited by their inner flame
             ... on level 5 of the Dungeon.
             The game lasted 00:21:25 (7019 turns).

wingedge the Caller (Human Wanderer)                Turns: 7019, Time: 00:21:26

Health: -11/54     AC:  6    Str: 11    XL:     7   Next: 91%
Magic:  8/10       EV: 10    Int: 23    God:
Gold:   303        SH:  0    Dex: 11    Spells: 7/11 levels left

rFire   . . .      SeeInvis .   y - +3 whip
rCold   . . .      Faith    .   (no shield)
rNeg    + . .      Spirit   .   B - +2 leather armour {rN+}
rPois   +          Reflect  .   (no helmet)
rElec   .          Harm     .   (no cloak)
rCorr   .          Rampage  .   (no gloves)
Will    .....                   n - +0 pair of boots
Stlth   +.........              (no amulet)
HPRegen 0.18/turn               q - +6 ring of intelligence
MPRegen 0.12/turn               m - ring of poison resistance

@: no status effects
A: no striking features
a: no special abilities


You were on level 5 of the Dungeon.
You visited 1 branch of the dungeon, and saw 5 of its levels.

You collected 303 gold pieces.

Inventory:

Hand Weapons
 e - a +0 glaive of venom
 y - a +3 whip (weapon)
Missiles
 w - 4 javelins
Armour
 b - a +0 buckler
 d - a +2 scale mail
 n - a +0 pair of boots (worn)
 t - a +0 ring mail of positive energy
 B - a +2 leather armour of positive energy (worn)
Magical Staves
 g - a staff of fire
Jewellery
 k - a ring of fire
 m - a ring of poison resistance (right hand)
 q - a +6 ring of intelligence (left hand)
Scrolls
 a - a scroll of immolation {unknown}
 c - 2 scrolls of teleportation
 f - 2 scrolls of identify {unknown}
 h - 2 scrolls of magic mapping {unknown}
 p - a scroll of torment {unknown}
 r - a scroll of poison {unknown}
 u - a scroll of enchant weapon {unknown}
 x - a scroll of blinking {unknown}
 z - a scroll of summoning {unknown}
 A - a scroll of amnesia {unknown}
Potions
 i - a potion of might {unknown}
 j - 2 potions of cancellation {unknown}
 l - 2 potions of heal wounds
 o - 3 potions of ambrosia {unknown}
 s - a potion of flight {unknown}
 v - a potion of haste {unknown}


   Skills:
 - Level 4.0 Fighting
 - Level 3.0 Armour
 - Level 1.0 Stealth
 - Level 1.0 Shields
 + Level 2.6 Spellcasting
 + Level 4.2 Hexes
 - Level 5.0 Summonings
 - Level 1.0 Evocations


You had 7 spell levels left.
You knew the following spells:

 Your Spells              Type           Power      Damage    Failure   Level
a - Summon Small Mammal   Summ           100%       N/A       1%          1
b - Summon Guardian Gole  Hex/Summ       24%        N/A       7%          3

Your spell library contained the following spells:

 Spells                   Type           Power      Damage    Failure   Level
 Necrotise                Necr           8%         1d4       16%         1
 Vampiric Draining        Necr           2%         2d6       43%         3
 Agony                    Necr           2%         N/A       99%         5


Dungeon Overview and Level Annotations

Branches:
Dungeon (5/15)
 Temple: D:4-7

Altars:
Makhleb
Okawaru

Annotations:
D:5 Prince Ribbit


Message History

Prince Ribbit hits your guardian golem but does no damage.
Prince Ribbit hits your guardian golem.
Prince Ribbit catches a small bird with his tongue.
Prince Ribbit hits you!
You see here a hound corpse.
You barely miss Prince Ribbit. Prince Ribbit completely misses you.
Prince Ribbit closely misses you.
You miss Prince Ribbit.
Prince Ribbit hits you but does no damage.
What are your orders? t - Shout!
Orders for allies: a - Attack new target. p - Attack previous target. r - Retreat! s - Stop attacking. g - Guard the area. f - Follow me.
Anything else - Cancel.
Okay, then.
Prince Ribbit barely misses you.
Prince Ribbit catches a mouse with his tongue.
Prince Ribbit blinks!
What are your orders? t - Shout!
Orders for allies: a - Attack new target. p - Attack previous target. r - Retreat! s - Stop attacking. g - Guard the area. f - Follow me.
Anything else - Cancel.
Gang up on whom?
Press: ? - help, Dir - move target, f/p - Prince Ribbit
Aim: Prince Ribbit (ally target) Attack!
Prince Ribbit catches a butterfly with his tongue.
Prince Ribbit hits your guardian golem!
Prince Ribbit blinks!
Your guardian golem overheats!
Prince Ribbit attacks as you move away! Prince Ribbit hits you!
Prince Ribbit hits your guardian golem but does no damage.
Prince Ribbit hits your guardian golem!
Your guardian golem disappears in a puff of smoke!
Your guardian golem explodes!
The fiery explosion engulfs you!!
Ouch! That really hurt!
You die...

##.. ##
... #. ..
.###.
#...#
#.[.#
#.).#
##...#
#@§§.#
#§§§.#
##§§F.#
#.....#
#.#####
###.#
#.<.#
#####
#.###
......#.#


You could see Prince Ribbit.

Vanquished Creatures
  A howler monkey (D:5)
  A jelly (D:3)
  An orc wizard (D:4)
  A gnoll (D:4)
  4 adders
  A white imp (D:5)
  3 dart slugs
  3 orcs
  4 ball pythons
  5 endoplasms
  3 giant cockroaches
  5 goblins
  3 hobgoblins
  A quokka (D:1)
  7 bats
  2 frilled lizards
  4 kobolds
  4 rats (D:2)
53 creatures vanquished.

Vanquished Creatures (collateral kills)
  A necrophage (D:4)
  A hound (D:5)
  A gnoll (D:4)
  An adder (D:2)
  A dart slug (D:4)
  3 orcs (D:4)
  3 endoplasms
  A giant cockroach (D:1)
  2 goblins
  2 hobgoblins
  A ball python (D:3)
  A bat (D:3)
  6 kobolds
  4 rats
28 creatures vanquished.

Vanquished Creatures (others)
  A black bear (D:4)
  A necrophage (D:5)
  A scorpion (D:5)
  A gnoll bouda (D:4)
  2 orc priests (D:4)
  An orc wizard (D:4)
  A gnoll (D:4)
  2 ufetubi
  An orc (D:4)
  5 demonic plants (D:1)
  A fungus (D:1)
  4 plants
21 creatures vanquished.

Grand Total: 102 creatures vanquished

Notes
Turn   | Place    | Note
-------+----------+-------------------------------------------
     0 | D:1      | wingedge the Human Wanderer began the quest for the Orb.
     0 | D:1      | wingedge set off with the following items: a +0 club, a +0
                  | buckler, a scroll of teleportation, a +2 scale mail; and
                  | the following spell memorised: Summon Small Mammal; and the
                  | following spells available to memorise: Summon Guardian
                  | Golem.
     0 | D:1      | Reached XP level 1. HP: 15/15 MP: 3/3
   777 | D:1      | Reached skill level 2 in Summonings
   777 | D:1      | Reached XP level 2. HP: 15/21 MP: 0/5
   988 | D:1      | Found a faded altar of an unknown god.
  1548 | D:1      | Reached XP level 3. HP: 24/27 MP: 4/6
  2586 | D:2      | Reached skill level 3 in Summonings
  2586 | D:2      | Reached XP level 4. HP: 17/33 MP: 7/7
  3037 | D:2      | Learned a level 3 spell: Summon Guardian Golem
  3518 | D:3      | Reached skill level 1 in Hexes
  3599 | D:3      | Reached XP level 5. HP: 37/41 MP: 5/8
  3952 | D:3      | Found a burning altar of Makhleb.
  4594 | D:4      | Reached XP level 6. HP: 4/48 MP: 6/9
  4884 | D:4      | Identified the +0 robe of the Morning Star {Will+}
  5241 | D:4      | Reached skill level 4 in Summonings
  5412 | D:4      | Noticed a black bear
  5427 | D:4      | Killed a black bear
  5428 | D:4      | Reached XP level 7. HP: 48/54 MP: 7/10
  5954 | D:4      | Found an iron altar of Okawaru.
  6373 | D:5      | Entered Level 5 of the Dungeon
  6714 | D:5      | Reached skill level 5 in Summonings
  7005 | D:5      | Noticed Prince Ribbit
  7019 | D:5      | Killed by an exploding themself... ignited by their inner
                  | flame

Illustrated notes

Levels and vault maps discovered:
D:1:      sevenhm_arrival_forest_fort_small_4, layout_basic,
          shapermc_ecumenical_altar_gd, corexii_leaking_fountain,
          minmay_split_cup_large
D:2:      layout_basic, grunt_decor_one_mirror, minmay_door_square
D:3:      layout_loops_ring, general_overflow_altar, minmay_misc_feat_room,
          serial_bayou_ford_a, minmay_shallow_snake_nest
D:4:      layout_basic, mainiacjoe_overflow_catwalk
D:5:      layout_rooms, nemelex_dance_club_becter,
          mainiacjoe_overflow_small_starburst, kennysheep_another_room,
          amcnicky_mini_rare_corridor_liquid, uniq_menkaure, uniq_prince_ribbit1

Skill      XL: |  1  2  3  4  5  6  7 |
---------------+----------------------+-----
Summonings     | 2 3 4 5 |  5.0
Fighting       | 2 3 4 |  4.0
Hexes          | 1 2 3 4 |  4.2
Armour         | |  3.0
Stealth        | |  1.0
Shields        | |  1.0
Spellcasting   | |  2.6
Evocations     | |  1.0

Action                   |  1- 3 |  4- 6 |  7- 9 || total
-------------------------+-------+-------+-------++-------
Melee: Club              |   106 |    10 |       ||   116
       Hand axe          |       |    64 |       ||    64
       Punch             |       |     1 |       ||     1
       Whip              |       |    32 |    67 ||    99
 Cast: Summon Small Mamm |    46 |    37 |    16 ||    99
       Summon Guardian G |       |     6 |    12 ||    18
  Use: Potion            |     1 |       |     1 ||     2
 Stab: Distracted        |     2 |     2 |       ||     4
Armor: Scale mail        |    46 |       |       ||    46
       Skin              |     1 |       |       ||     1
       Ring mail         |    18 |    56 |    38 ||   112
       Leather armour    |       |       |    12 ||    12
Dodge: Dodged            |    53 |    68 |    49 ||   170

Table legend: (Time is in decaauts)
 A = Elapsed time spent in this place.
 B = Non-inter-level travel time spent in this place.
 C = Inter-level travel time spent in this place.
 D = Time resting spent in this place.
 E = Time spent auto-exploring this place.
 F = Levels seen in this place.
 G = Mean time per level.
                   A        B        C        D        E       F      G
               +--------+--------+--------+--------+--------+-----+--------+
         Total |   7110 |   6982 |    128 |   1385 |   4287 |   5 | 1422.0 |
       Dungeon |   7110 |   6982 |    128 |   1385 |   4287 |   5 | 1422.0 |
               +--------+--------+--------+--------+--------+-----+--------+

Top non-repeatable levels by time:
     D:4: 2186 daAuts
     D:1: 1899 daAuts
     D:2: 1410 daAuts
     D:3: 1277 daAuts
     D:5: 336 daAuts
